 Dungeon Crawl Stone Soup version 0.24.0-13-gcf9b319 (webtiles) character file.

Game seed: 2965749831058293721, levelgen mode: deterministic

26149 Fang the Fighter (level 13, -6/87 HPs)
             Began as a Gargoyle Berserker on Dec 3, 2019.
             Was a Priest of Trog.
             Mangled by a ten-headed hydra (7 damage)
             ... on level 3 of the Lair of Beasts.
             The game lasted 00:18:01 (14638 turns).

Fang the Fighter (Gargoyle Berserker)              Turns: 14638, Time: 00:18:02

Health: -6/87      AC: 28    Str: 25    XL:     13   Next: 24%
Magic:  13/13      EV: 10    Int:  9    God:    Trog [***...]
Gold:   755        SH:  0    Dex:  6    Spells: 12/12 levels left

rFire    . . .     SeeInvis +   a - +5 war axe
rCold    . . .     Gourm    .   (no shield)
rNeg     + . .     Faith    .   b - +0 plate armour
rPois    ∞         Spirit   .   (no helmet)
rElec    +         Reflect  .   n - +2 cloak {MR+}
rCorr    .         Harm     .   (no gloves)
MR       ++++.                  (no boots)
Stlth    ..........             (no amulet)
HPRegen  1.24/turn              q - ring "Hiedwume" {rElec rPois MR+ Dex-3 Stlth-}
MPRegen  0.13/turn              i - ring of see invisible

@: regenerating
A: negative energy resistance 1, electricity resistance, unbreathing,
petrification resistance, rot immunity, AC +9
a: Berserk, Trog's Hand, Renounce Religion


You were on level 3 of the Lair of Beasts.
You worshipped Trog.
Trog was most pleased with you.
You were very hungry.

You visited 3 branches of the dungeon, and saw 16 of its levels.
You also visited: Gauntlet.

You collected 755 gold pieces.

Inventory:

Hand Weapons
 a - a +5 war axe (weapon)
 E - a +0 hand axe of flaming
Armour
 b - a +0 plate armour (worn)
 n - a +2 cloak of magic resistance (worn)
 B - a +1 cloak of invisibility
Jewellery
 g - a +4 ring of protection
 i - a ring of see invisible (right hand)
 q - the ring "Hiedwume" (left hand) {rElec rPois MR+ Dex-3 Stlth-}
   (You found it in a Gauntlet)

   [ring of attention]

   It affects your dexterity (-3).
   It insulates you from electricity.
   It protects you from poison.
   It affects your resistance to hostile enchantments.
   It makes you less stealthy.
Wands
 r - a wand of acid (9)
 t - a wand of disintegration (14)
 v - a wand of polymorph (16)
 y - a wand of iceblast (15)
 C - a wand of random effects (31)
Scrolls
 d - 4 scrolls of identify
 j - 7 scrolls of teleportation
 k - 7 scrolls of remove curse
 w - 2 scrolls of blinking
 x - 3 scrolls of fear
 D - a scroll of fog
Potions
 e - a potion of ambrosia
 f - 2 potions of might
 h - 3 potions of flight
 l - 3 potions of resistance
 m - 3 potions of haste
 o - a potion of mutation
 p - a potion of cancellation {unknown}
 s - 3 potions of agility
 u - a potion of curing
Comestibles
 c - 27 rations
 z - 5 chunks of flesh


   Skills:
 + Level 12.3 Fighting
 + Level 10.6 Axes
 + Level 12.1 Armour
 + Level 9.5 Dodging


You had 12 spell levels left.
You didn't know any spells.
Your spell library was empty.

Dungeon Overview and Level Annotations

Branches:
Dungeon (12/15)            Temple (1/1) D:7            Lair (3/6) D:8
    Orc (0/2) D:10        Gauntlet (visited)
  Swamp: Lair:2-4    Shoals: Lair:2-4     Snake: Lair:2-4    Spider: Lair:2-4

Altars:
Kikubaaqudgha
Makhleb
Qazlal
Ru
Uskayaw
Vehumet
Wu Jian
Xom
Yredelemnul
Zin

Shops:
D:4 =

Portals:
Trove: D:11 (give +4 shadow dragon scales)

Annotations:
D:12 exclusion: obsidian statue


Innate Abilities, Weirdness & Mutations

You are resistant to torment.
Your stone body is resilient. (AC +9)
You are immune to poison.
You resist negative energy. (rN+)
You are resistant to electric shocks. (rElec)
You can survive without breathing.
You are immune to petrification.
You are immune to rotting.


Message History

The ten-headed hydra barely misses you.
The ten-headed hydra bites you but does no damage. x2
The ten-headed hydra bites you.
* * * LOW HITPOINT WARNING * * *
The ten-headed hydra bites you.
* * * LOW HITPOINT WARNING * * *
The four-headed hydra bites you but does no damage. x2
The four-headed hydra bites you!
* * * LOW HITPOINT WARNING * * *
The four-headed hydra bites you but does no damage.
Your black bear goes berserk!
You are feeling very hungry.
You can no longer call in reinforcements.
The ten-headed hydra bites you.
* * * LOW HITPOINT WARNING * * *
The ten-headed hydra bites you but does no damage. x3
The ten-headed hydra barely misses you. The ten-headed hydra bites you.
* * * LOW HITPOINT WARNING * * *
The ten-headed hydra bites you!
You die... .PP

.♣♣.♣.. ...
♣♣.P♣♣♣.♣.♣.♣ .....#
♣.†♣P♣..♣.♣§♣♣.♣...#
♣P...♣....♣.§§≈PP..#
♣..♣.....♣.÷♣P♣..♣.###
♣.♣♣..♣...♣..♣..P.....#
.. ..
♣.P♣.....P.♣.♣#..... ..
#.. #.#.....D..†.♣...P#
#. #.
####....D@.÷.....## ##.
# #..........>..## #..
#.....h..P#....# ##..
#..###..###....# #.#.
.... #..# #..#.# #.#<
....^ ...## #..#.# ##..
.##........
....#.######.. ###
..#.#....##....#P...
..######.......#.


You could see a ten-headed hydra, a four-headed hydra and a friendly black bear
(berserk).

Vanquished Creatures
  A minotaur (Gauntlet)
  Snorg (D:12)
  A death ooze (Gauntlet)
  Harold (D:9)
  2 two-headed ogres
  Nergalle (D:10)
  An unseen horror (D:12)
  Pikel (D:9)
  A cyclops (D:11)
  A manticore (D:11)
  Joseph (D:7)
  An elephant (Lair:3)
  4 spiny frogs (Lair:1)
  A rime drake (Lair:2)
  A komodo dragon (Lair:2)
  A troll (D:12)
  A queen bee (Gauntlet)
  A polar bear (Lair:2)
  4 blink frogs (Lair:1)
  A hornet (D:11)
  8 hippogriffs
  4 hogs (D:7)
  16 yaks
  4 small abominations (Gauntlet)
  A human (shapeshifter) (D:11)
  2 hungry ghosts
  A human (D:7)
  3 basilisks
  Edmund (D:4)
  2 porcupines (Lair:1)
  2 hell hounds (Lair:2)
  10 water moccasins
  3 ice beasts
  2 black bears
  A hornet zombie (D:6)
  3 sky beasts
  3 slaves (D:9)
  A phantom (D:10)
  4 orc warriors
  2 large abominations (Gauntlet)
  5 ogres
  4 wolves (Lair:2)
  8 centaurs
  5 crocodiles
  2 big kobolds (D:10)
  7 bullfrogs
  A gnoll sergeant (D:6)
  A water moccasin zombie (D:9)
  5 scorpions
  A water moccasin skeleton (D:7)
  14 killer bees
  3 wights (D:9)
  3 howler monkeys
  An electric eel (Lair:2)
  7 crimson imps
  5 quasits
  5 bullfrog zombies
  3 orc priests
  4 hounds
  6 jellies
  6 orc wizards
  A bullfrog skeleton (D:3)
  2 centaur skeletons
  An iron imp (D:12)
  4 iguanas
  12 worker ants
  3 hound zombies
  A worker ant zombie (D:9)
  9 gnolls
  13 adders
  2 shadow imps
  An adder zombie (D:5)
  4 dart slugs
  5 leopard geckos
  19 orcs
  A ball python (D:1)
  8 giant cockroaches
  9 goblins
  6 hobgoblins
  16 jackals
  8 kobolds
  11 quokkas
  6 bats
  6 frilled lizards
  A giant cockroach zombie (D:6)
  A leopard gecko skeleton (D:4)
  A leopard gecko zombie (D:6)
  7 rats
  A fungus (Lair:2)
  2 plants (Lair:3)
357 creatures vanquished.

Vanquished Creatures (collateral kills)
  2 hydras
  A yak (Lair:1)
  A porcupine (Lair:2)
4 creatures vanquished.

Vanquished Creatures (others)
  A large abomination (D:12)
  An ogre (D:9)
  A shadow imp (D:12)
  3 white imps (D:12)
  6 fungi
  13 plants
25 creatures vanquished.

Grand Total: 386 creatures vanquished

Notes
Turn   | Place    | Note
-------+----------+-------------------------------------------
     0 | D:1      | Fang the Gargoyle Berserker began the quest for the Orb.
     0 | D:1      | Reached XP level 1. HP: 14/14 MP: 1/1
   192 | D:1      | Reached XP level 2. HP: 19/19 MP: 2/2
   727 | D:2      | Reached XP level 3. HP: 16/24 MP: 3/3
   822 | D:2      | Reached ** piety under Trog
   823 | D:2      | Found a basalt altar of Yredelemnul.
  1181 | D:2      | Reached XP level 4. HP: 24/29 MP: 4/4
  1238 | D:2      | Found a sacrificial altar of Ru.
  1549 | D:2      | Reached XP level 5. HP: 23/33 MP: 5/5
  1562 | D:2      | Found a basalt altar of Yredelemnul.
  2074 | D:3      | Reached *** piety under Trog
  2092 | D:3      | Reached XP level 6. HP: 16/39 MP: 6/6
  2378 | D:3      | Found an ornate altar of the Wu Jian Council.
  3079 | D:3      | Found a burning altar of Makhleb.
  3079 | D:3      | Found a radiant altar of Vehumet.
  3259 | D:4      | Found Hotyraun's Jewellery Shop.
  3414 | D:4      | Reached skill level 5 in Fighting
  3415 | D:4      | Reached XP level 7. HP: 44/44 MP: 7/7
  3508 | D:4      | Noticed Edmund
  3521 | D:4      | Killed Edmund
  4164 | D:5      | Entered Level 5 of the Dungeon
  4399 | D:5      | Reached skill level 5 in Armour
  4455 | D:5      | Reached XP level 8. HP: 32/51 MP: 8/8
  4512 | D:5      | Found a hide-covered altar of Uskayaw.
  4636 | D:5      | Reached skill level 5 in Axes
  4774 | D:5      | Reached **** piety under Trog
  5678 | D:7      | Reached XP level 9. HP: 56/56 MP: 9/9
  5744 | D:7      | Reached skill level 5 in Dodging
  5909 | D:7      | Noticed Joseph
  5923 | D:7      | Paralysed by fainting for 7 turns
  5959 | D:7      | Killed Joseph
  5971 | D:7      | Found a staircase to the Ecumenical Temple.
  6066 | Temple   | Entered the Ecumenical Temple
  6487 | D:7      | Reached XP level 10. HP: 64/64 MP: 10/10
  6706 | D:7      | Found a shimmering altar of Xom.
  6850 | D:8      | Found a staircase to the Lair.
  6921 | D:8      | Paralysed by fainting for 8 turns
  7000 | D:8      | Reached ***** piety under Trog
  7140 | D:8      | Found a shimmering altar of Xom.
  7673 | D:9      | Noticed Harold
  7690 | D:9      | Killed Harold
  7838 | D:9      | Noticed Pikel
  7852 | D:9      | Killed Pikel
  7852 | D:9      | Reached XP level 11. HP: 68/72 MP: 11/11
  7980 | D:9      | Noticed a two-headed ogre
  7989 | D:9      | Killed a two-headed ogre
  8209 | D:9      | Reached skill level 10 in Fighting
  8454 | D:9      | Found an ancient bone altar of Kikubaaqudgha.
  8454 | D:9      | Found a glowing silver altar of Zin.
  8455 | D:9      | Found a stormy altar of Qazlal.
  8471 | D:10     | Entered Level 10 of the Dungeon
  8622 | D:10     | Received a gift from Trog
  8624 | D:10     | Found a staircase to the Orcish Mines.
  8731 | D:10     | Noticed Nergalle
  8752 | D:10     | Noticed a spectral orc warlord
  8772 | D:10     | Killed Nergalle
  9285 | D:11     | Noticed a cyclops
  9297 | D:11     | Reached skill level 10 in Armour
  9303 | D:11     | Killed a cyclops
  9374 | D:11     | Noticed a manticore
  9389 | D:11     | Killed a manticore
 10081 | D:11     | Found a portal to a secret trove of treasure.
 10329 | D:12     | Noticed an obsidian statue
 10332 | D:12     | Noticed a soul eater
 10428 | D:12     | Killed a large abomination
 10509 | D:12     | Noticed Snorg
 10527 | D:12     | Killed Snorg
 10594 | D:12     | Found a gate leading to a gauntlet.
 10610 | D:12     | Reached XP level 12. HP: 79/79 MP: 12/12
 10612 | Gauntlet | Entered a Gauntlet
 10612 | Gauntlet | Found a transporter.
 10612 | Gauntlet | Found a transporter.
 10612 | Gauntlet | Found a transporter.
 10621 | Gauntlet | Found a transporter.
 10632 | Gauntlet | Noticed an entropy weaver
 10637 | Gauntlet | Found a transporter.
 10665 | Gauntlet | Found a transporter.
 10671 | Gauntlet | Found a transporter.
 10679 | Gauntlet | Found a transporter.
 10679 | Gauntlet | Noticed a death ooze
 10699 | Gauntlet | Found a transporter.
 10707 | Gauntlet | Found a transporter.
 10725 | Gauntlet | Found a transporter.
 11109 | Gauntlet | Killed a death ooze
 11242 | Gauntlet | Got a steaming brass ring
 11395 | Gauntlet | Noticed a minotaur
 11406 | Gauntlet | Killed a minotaur
 11502 | D:12     | Identified the ring "Hiedwume" {rElec rPois MR+ Dex-3
                  | Stlth-} (You found it in a Gauntlet)
 11515 | D:12     | Noticed a two-headed ogre
 11528 | D:12     | Killed a two-headed ogre
 12308 | Lair:1   | Entered Level 1 of the Lair of Beasts
 12369 | Lair:1   | Reached skill level 10 in Axes
 12922 | Lair:1   | Noticed a five-headed hydra
 12927 | Lair:1   | Killed a six-headed hydra
 12984 | Lair:1   | Reached XP level 13. HP: 50/86 MP: 13/13
 13591 | Lair:2   | Received a gift from Trog
 13601 | Lair:2   | Found a dark tunnel.
 14635 | Lair:3   | HP: 3/87 [ten-headed hydra (3)]
 14638 | Lair:3   | HP: 1/87 [ten-headed hydra (5)]
 14638 | Lair:3   | Mangled by a ten-headed hydra

Levels and vault maps discovered:
D:1:      dpeg_arrival_signposts, layout_loops_ring
D:2:      layout_basic, nicolae_ru_the_path_less_chosen,
          yredelemnul_altar_generic, minmay_hexomino_r4
D:3:      layout_loops_ring, grunt_temple_overflow_lords_of_destruction,
          lemuel_round_altar
D:4:      layout_basic, serial_shops, shop, first_ration, serial_glass,
          glass_columns_b, glass_columns_a, uniq_edmund
D:5:      layout_basic, kennysheep_mini_moat
D:6:      layout_rooms
D:7:      layout_basic, minmay_temple_entry_drinking_statues, nrook_uturn,
          grunt_livestock, tgw_xom, uniq_joseph
D:8:      layout_cave_pods, david_lair_generic, basic_altar
D:9:      layout_rooms, gammafunk_temple_overflow_claw, st_stairs_7, uniq_pikel,
          uniq_harold
D:10:     layout_loops_cross, david_orc_3, uniq_nergalle
D:11:     layout_long_grid, trove_entry_hex_spiral
D:12:     layout_roguey, gauntlet_entry_generic, nicolae_benzene_ring,
          hangedman_devilish_allure, uniq_snorg
Temple:   nicolae_temple_god_jail
Lair:1:   layout_chaotic_city
Lair:2:   layout_roguey, enter_volcano_3, st_stairs_5, gammafunk_lair_bear_cave
Lair:3:   wad_woods_tower, layout_loops_ring, portal_ice_cave_entry_ice_beasts,
          lemuel_oklob_altar, minmay_lair_oklob_chamber

Skill      XL: |  1  2  3  4  5  6  7  8  9 10 11 12 13 |
---------------+----------------------------------------+-----
Axes           | 3 4 5 6 8 9 10 | 10.6
Dodging        | 2 3 4 5 7 8 9 |  9.5
Armour         | 3 4 5 6 7 9 10 11 12 | 12.1
Fighting       | 4 5 6 8 9 10 12 | 12.3

Action                   |  1- 3 |  4- 6 |  7- 9 | 10-12 | 13-15 || total
-------------------------+-------+-------+-------+-------+-------++-------
Melee: Hand axe          |   119 |   242 |   167 |       |       ||   528
       War axe           |       |       |   205 |   699 |   120 ||  1024
Invok: Berserk           |       |     4 |     5 |    19 |       ||    28
       Trog's Hand       |       |     1 |     1 |     4 |     1 ||     7
       Brothers in Arms  |       |       |       |     2 |     4 ||     6
  Use: Scroll            |       |     3 |     3 |    24 |     1 ||    31
       Potion            |       |       |       |     2 |     2 ||     4
  Eat: Chunk             |     1 |    11 |    14 |    32 |     6 ||    64
       Ration            |       |       |     2 |     5 |       ||     7
Armor: Animal skin       |    35 |   105 |    20 |       |       ||   160
       Plate armour      |       |       |   350 |   709 |   225 ||  1284
Dodge: Dodged            |    96 |   169 |   236 |   497 |   109 ||  1107
